 Dungeon Crawl Stone Soup version 0.18.1-6-gd335043 (webtiles) character file.

236 oplop the Ducker (level 5, 0/25 HPs)
             Began as a Felid Berserker on May 17, 2016.
             Was a Priest of Trog.
             Slain by an adder (4 damage)
             ... on level 4 of the Dungeon.
             The game lasted 00:06:54 (2934 turns).

oplop the Ducker (Felid Berserker)                  Turns: 2934, Time: 00:06:54

Health: 0/25       AC:  1    Str: 13    XL:     5   Next: 77%
Magic:  6/6        EV: 21    Int:  9    God:    Trog [***...]
Gold:   190        SH:  0    Dex: 16    Spells: 0 memorised, 4 levels left
                                        Lives:  0   Deaths: 1

rFire  . . .     SeeInvis +       - Unarmed
rCold  . . .     Gourm    .     (armour unavailable)
rNeg   . . .     Faith    .     (shield unavailable)
rPois  .         Spirit   .     (helmet unavailable)
rElec  .         Dismiss  .     (cloak unavailable)
rCorr  +         Reflect  .     (gloves unavailable)
SustAt .         Harm     .     (boots unavailable)
MR     ++...                    (no amulet)
Stlth  +++.......               (no ring)
                                f - ring of resist corrosion

@: lethally poisoned (0 -> 0), regenerating, quick, very resistant to hostile
enchantments, fairly stealthy
A: no armour, no weapons or thrown items, claws 1, fangs 3, see invisible,
carnivore 3, speed 1, shaggy fur 1, slow metabolism 1, sharp paws
a: Berserk, Trog's Hand, Burn Spellbooks, Renounce Religion


You were on level 4 of the Dungeon.
You worshipped Trog.
Trog was most pleased with you.
You were completely stuffed.

You visited 1 branch of the dungeon, and saw 4 of its levels.

You collected 190 gold pieces.

Inventory:

Jewellery
 f - a ring of resist corrosion (left paw)
 g - an uncursed ring of resist corrosion
 h - an uncursed ring of protection from fire {unknown}
Scrolls
 e - 4 scrolls of identify {unknown}
 j - a scroll of blinking {unknown}
Potions
 b - 2 potions of heal wounds {unknown}
 c - a potion of agility {unknown}
 d - 2 potions of magic {unknown}
 i - 2 potions of haste {unknown}
 k - a potion of flight {unknown}
Comestibles
 a - a meat ration
 l - a royal jelly
 m - a chunk of flesh


   Skills:
 + Level 4.5 Fighting
 + Level 5.8 Dodging
 + Level 3.3 Stealth
 + Level 4.6 Unarmed Combat


You had 4 spell levels left.
You didn't know any spells.

Dungeon Overview and Level Annotations

Branches:
Dungeon (4/15)
 Temple: D:4-7

Altars:
Ru
Sif Muna

Annotations:
D:2 Sigmund
D:3 George's ghost, amateur DsGl


Innate Abilities, Weirdness & Mutations

You cannot wear armour.
You are incapable of wielding weapons or throwing items.
You have sharp claws.
You have razor-sharp teeth.
You have supernaturally acute eyesight.
You are carnivorous and can eat meat at any time.
You cover ground quickly.
You are covered in fur (AC +1).
You have a slow metabolism.
Your sharp claws are effective at attacking unaware monsters.


Message History

You barely miss the adder.
The adder is moderately wounded.
You feel sick. The adder misses you.
You closely miss the adder.
The adder is moderately wounded.
The adder bites you.
You are more poisoned.
The adder poisons you! The adder bites you.
You closely miss the adder. You bite the adder, but do no damage.
The adder is moderately wounded.
You feel sick. The adder bites you.
* * * LOW HITPOINT WARNING * * *
You barely miss the adder.
The adder is moderately wounded.
* * * LOW HITPOINT WARNING * * *
You feel sick. The adder bites you but does no damage.
Your skin crawls.
You feel resistant to hostile enchantments.
You feel slightly less full.
You feel sick. The adder bites you.
You die...

.......# #########...
......## ##....#......
......# ##.........#
.....######..........#
...###...............#
........#............#
.....###)............#
..#####..............#
.## #.........@....#
.# #.........S....# ##
##.............# #
##............#
####.........#
####......# ######.#
##


You could see an adder.

Vanquished Creatures
  Crazy Yiuf (D:2)
  A giant frog skeleton (D:4)
  Jessica (D:3)
  Ijyb (D:3)
  Natasha (twice) (D:2)
  Robin (D:3)
  6 adders
  2 worms (D:2)
  5 dart slugs
  4 giant geckos
  2 orcs
  5 giant cockroaches
  11 goblins
  19 hobgoblins
  3 ball pythons
  10 bats
  A giant gecko skeleton (D:4)
  5 giant newts
  11 kobolds
  8 rats
99 creatures vanquished.

Notes
Turn   | Place    | Note
--------------------------------------------------------------
     0 | D:1      | oplop the Felid Berserker began the quest for the Orb.
     0 | D:1      | Reached XP level 1. HP: 10/10 MP: 2/2
   273 | D:1      | Reached XP level 2. HP: 7/14 MP: 3/3
   735 | D:1      | Reached ** piety under Trog
   808 | D:1      | Reached XP level 3. HP: 14/17 MP: 4/4
  1365 | D:2      | Found a deep blue altar of Sif Muna.
  1371 | D:2      | namelastname112: сука
  1396 | D:2      | namelastname112: опять чуть не петрифайнуло
  1397 | D:2      | namelastname112: с диспейтером в лосе
  1399 | D:2      | namelastname112: кансел глотнуть успел
  1399 | D:2      | oplop: бхахаха
  1400 | D:2      | oplop: ни разу в аду не петрифаело
  1415 | D:2      | Noticed Sigmund
  1457 | D:2      | Reached XP level 4. HP: 15/22 MP: 5/5
  1680 | D:2      | Noticed Crazy Yiuf
  1685 | D:2      | Killed Crazy Yiuf
  1685 | D:2      | Reached skill level 5 in Dodging
  1820 | D:2      | Noticed Natasha
  1827 | D:2      | Killed Natasha
  1827 | D:2      | Reached skill level 1 in Stealth
  1903 | D:2      | Noticed Natasha
  1905 | D:2      | Killed Natasha
  1905 | D:2      | Reached XP level 5. HP: 25/25 MP: 6/6
  1942 | D:2      | Reached *** piety under Trog
  2113 | D:3      | Noticed Jessica
  2116 | D:3      | Noticed Robin
  2246 | D:3      | Killed Robin
  2252 | D:3      | Slain by a goblin
  2253 | D:3      | Reached XP level 4. HP: -2/33 MP: 5/5
  2470 | D:3      | Killed Jessica
  2470 | D:3      | Reached XP level 5. HP: 25/25 MP: 6/6
  2492 | D:3      | Noticed George's ghost (amateur DsGl)
  2504 | D:3      | Noticed Ijyb
  2515 | D:3      | Killed Ijyb
  2567 | D:3      | Found a sacrificial altar of Ru.
  2809 | D:4      | Found Ydan's Armour Shoppe.
  2934 | D:4      | Slain by an adder

Skill      XL: |  1  2  3  4  5 |
---------------+----------------+-----
Dodging        | 5 |  5.8
Fighting       | 4 |  4.5
Stealth        | 1 3 |  3.3
Unarmed Combat | 4 |  4.6

Action                   |  1- 3 |  4- 6 || total
-------------------------+-------+-------++-------
Melee: Unarmed           |    79 |   150 ||   229
       Bite              |    11 |    14 ||    25
       Punch             |     1 |     1 ||     2
Invok: Berserk           |     4 |     7 ||    11
       Trog's Hand       |       |     3 ||     3
  Use: Potion            |     1 |       ||     1
 Stab: Sleeping          |     6 |    12 ||    18
       Invisible         |     1 |       ||     1
  Eat: Chunk             |    12 |    15 ||    27
Armor: Skin              |     4 |    11 ||    15
Dodge: Dodged            |    53 |   151 ||   204
